 Dungeon Crawl Stone Soup version 0.26-a0-651-gb41185065b (webtiles) character file.

Game seed: 7525509423094371456

108 Ozzies the Skirmisher (level 4, -2/29 HPs)
             Began as a Gargoyle Fighter on Oct 3, 2020.
             Killed by divine providence
             ... invoked by an orc priest
              (13 damage)
             ... on level 3 of the Dungeon.
             The game lasted 00:07:21 (1738 turns).

Ozzies the Skirmisher (Gargoyle Fighter)            Turns: 1738, Time: 00:07:22

Health: -2/29      AC: 10    Str: 20    XL:     4   Next: 87%
Magic:  4/4        EV:  7    Int:  9    God:
Gold:   133        SH:  9    Dex:  9    Spells: 3/3 levels left

rFire    . . .     SeeInvis .   a - +0 flail
rCold    . . .     Faith    .   c - +0 kite shield
rNeg     + . .     Spirit   .   b - +0 scale mail
rPois    ∞         Reflect  .   (no helmet)
rElec    +         Harm     .   (no cloak)
rCorr    .         Rampage  .   (no gloves)
MR       .....                  (no boots)
Stlth    ..........             (no amulet)
HPRegen  0.09/turn              f - ring of wizardry
MPRegen  0.09/turn              (no ring)

@: no status effects
A: negative energy resistance 1, electricity resistance, unbreathing,
petrification resistance, rot immunity, AC +3
a: no special abilities


You were on level 3 of the Dungeon.
You visited 1 branch of the dungeon, and saw 3 of its levels.

You collected 133 gold pieces.

Inventory:

Hand Weapons
 a - a +0 flail (weapon)
Missiles
 h - 18 stones (quivered)
Armour
 b - a +0 scale mail (worn)
 c - a +0 kite shield (worn)
Jewellery
 f - a ring of wizardry (left hand)
Scrolls
 g - 3 scrolls of identify {unknown}
 i - a scroll of fog {unknown}
 k - a scroll of blinking {unknown}
 l - 4 scrolls of teleportation {unknown}
Potions
 d - 2 potions of might
 e - a potion of haste {unknown}
 j - a potion of curing {unknown}


   Skills:
 * Level 4.1 Fighting
 + Level 3.3 Maces & Flails
 + Level 3.6 Armour
 + Level 0.6 Dodging
 + Level 0.1 Stealth
 + Level 3.9 Shields


You had 3 spell levels left.
You didn't know any spells.
Your spell library was empty.

Dungeon Overview and Level Annotations

Branches:
Dungeon (3/15)

Altars:
Elyvilon
Kikubaaqudgha
Makhleb
Wu Jian


Innate Abilities, Weirdness & Mutations

You are resistant to torment.
Your stone body is resilient. (AC +3)
You are immune to poison.
You resist negative energy. (rN+)
You are resistant to electric shocks. (rElec)
You can survive without breathing.
You are immune to petrification.
You are immune to rotting.


Message History

You are too injured to fight recklessly!
You are too injured to fight recklessly!
You are too injured to fight recklessly!
You are too injured to fight recklessly!
You are too injured to fight recklessly!
You are too injured to fight recklessly!
You are too injured to fight recklessly!
You barely miss the orc priest.
The orc priest hits you but does no damage.
You hit the orc priest but do no damage.
The orc priest hits you with a +0 flail.
A kobold comes into view. It is wielding a +0 whip.
You hit the orc priest but do no damage.
You barely miss the orc. The orc hits you but does no damage.
You sock the orc!
You kill the orc!
You hit the orc priest but do no damage.
The orc priest mumbles some strange prayers to Beogh against you.
Beogh smites you!
You die... #.....# ....... #.....# ....... ## .....# ....... ... #....# ....... ..##....# ..K.o ......# #. .oo

#....# #.
####o#######....# ##.
#....@....##....# #..
#.........####..# #..
#..........###..####..
#..............>..##..
#########...........†.
#...............##†.
#...............##..
#...............##.[
#...)...###...######


You could see an orc priest, 3 orcs and a kobold.

Vanquished Creatures
  A hound (D:3)
  2 adders (D:2)
  An ooze (D:1)
  2 dart slugs
  2 leopard geckos
  An orc (D:3)
  A giant cockroach (D:3)
  4 goblins
  5 hobgoblins
  8 jackals
  A ball python (D:2)
  6 bats
  8 frilled lizards (D:1)
  4 kobolds
  3 rats (D:1)
49 creatures vanquished.

Notes
Turn   | Place    | Note
-------+----------+-------------------------------------------
     0 | D:1      | Ozzies the Gargoyle Fighter began the quest for the Orb.
     0 | D:1      | Reached XP level 1. HP: 14/14 MP: 1/1
   182 | D:1      | Reached XP level 2. HP: 12/19 MP: 2/2
   478 | D:1      | Reached XP level 3. HP: 24/24 MP: 3/3
   793 | D:2      | Found a burning altar of Makhleb.
   923 | D:2      | Found a white marble altar of Elyvilon.
   925 | D:2      | Found an ancient bone altar of Kikubaaqudgha.
   990 | D:2      | Found an ornate altar of the Wu Jian Council.
  1226 | D:2      | Reached skill level 4 in Fighting
  1226 | D:2      | Reached XP level 4. HP: 29/29 MP: 4/4
  1738 | D:3      | Killed from afar by an orc priest

Illustrated notes

Levels and vault maps discovered:
D:1:      saegor_arrival_simple_d, layout_rooms
D:2:      layout_loops_ring, lemuel_crystal_altar,
          nicolae_overflow_hidden_temple
D:3:      layout_basic

Skill      XL: |  1  2  3 |
---------------+----------+-----
Fighting       | 4 |  4.1
Maces & Flails | 3 |  3.3
Armour         | |  3.6
Dodging        | |  0.6
Stealth        | |  0.1
Shields        | |  3.9

Action                   |  1- 3 |  4- 6 || total
-------------------------+-------+-------++-------
Melee: Flail             |   144 |    40 ||   184
Armor: Scale mail        |    87 |    27 ||   114
Dodge: Dodged            |    58 |    12 ||    70
Block: Kite shield       |    83 |    24 ||   107

Table legend: (Time is in decaauts)
 A = Elapsed time spent in this place.
 B = Non-inter-level travel time spent in this place.
 C = Inter-level travel time spent in this place.
 D = Time resting spent in this place.
 E = Time spent auto-exploring this place.
 F = Levels seen in this place.
 G = Mean time per level.
                   A        B        C        D        E       F      G
               +--------+--------+--------+--------+--------+-----+--------+
         Total |   1800 |   1743 |     57 |      0 |   1333 |   3 |  600.0 |
       Dungeon |   1800 |   1743 |     57 |      0 |   1333 |   3 |  600.0 |
               +--------+--------+--------+--------+--------+-----+--------+

Top non-repeatable levels by time:
     D:1: 826 daAuts
     D:2: 739 daAuts
     D:3: 235 daAuts
